Map: Ulrena

Players

Miszu

  • Race: Terran Terran
  • League: Master

ChefSegpa - Winner!

  • Race: Terran Terran
  • League: Master

VOD

Have the link to the VOD?

Description

Time

  • Played on: April 13, 2016, 11:34 a.m.
  • Length: 5:04
Show
View Real Time Build Order
Export as new Build Order

Miszu Terran 

Build Orders: 1/1/1 

Get SALT Encoding   

  12  0:01  SCV  
  13  0:13  SCV  
  14  0:17  Supply Depot  
  14  0:25  SCV  
  15  0:39  SCV  
  15  0:41  Barracks  
  16  0:46  Refinery  
  16  0:51  SCV  
  16  0:55  Refinery  
  17  1:03  SCV  
  18  1:15  SCV  
  19  1:29  Marine, Orbital Command  
  19  1:32  Supply Depot  
  20  1:44  Factory  
  20  1:49  Marine  
  21  1:55  SCV  
  22  2:07  SCV  
  23  2:11  Marine  
  24  2:19  SCV  
  25  2:29  Starport, Marine  
  26  2:30  Hellion  
  26  2:33  SCV  
  29  2:39  Supply Depot  
  29  2:45  SCV  
  29  2:46  Marine  
  31  3:01  Hellion  
  31  3:04  Supply Depot  
  33  3:07  Medivac  
  33  3:12  Engineering Bay, SCV  
  36  3:14  Marine  
  37  3:23  Hellion  
  37  3:26  SCV  
  40  3:31  Marine  
  41  3:35  Supply Depot  
  41  3:40  Missile Turret  
  41  3:45  Factory Tech Lab  
  41  3:47  Viking  
  43  3:51  SCV  
  44  4:03  SCV  
  44  4:08  Siege Tank  
  49  4:24  SCV  
  49  4:27  Barracks Reactor  
  49  4:30  Command Center  
  47  4:36  SCV  
  53  4:58  Supply Depot  
Show
View Real Time Build Order
Export as new Build Order

ChefSegpa Terran - Winner!

Build Orders: 1/1/1 

Get SALT Encoding   

  12  0:01  SCV  
  13  0:13  SCV  
  14  0:17  Supply Depot  
  14  0:25  Refinery  
  14  0:29  SCV  
  15  0:41  Barracks  
  15  0:45  SCV  
  16  0:57  SCV  
  17  1:09  SCV  
  17  1:10  Refinery  
  19  1:28  Orbital Command  
  19  1:32  Factory  
  18  1:36  Marine  
  19  1:47  Supply Depot  
  19  1:56  SCV  
  19  2:00  Barracks Reactor  
  20  2:08  SCV  
  21  2:16  Hellion  
  21  2:21  Starport  
  23  2:24  SCV  
  24  2:36  Marine  
  26  2:37  SCV  
  26  2:41  Supply Depot  
  26  2:42  Factory Tech Lab  
  26  2:49  SCV  
  29  3:01  SCV  
  29  3:03  Siege Tank  
  31  3:09  Viking  
  33  3:15  Viking  
  33  3:17  Marine  
  36  3:27  SCV  
  36  3:28  Supply Depot  
  37  3:35  Marine  
  38  3:44  SCV  
  39  3:49  Siege Tank  
  39  3:50  Medivac  
  44  3:57  Supply Depot  
  44  4:02  Marine, Medivac  
  45  4:10  SCV  
  46  4:22  Marine  
  47  4:31  Engineering Bay  
  47  4:32  Supply Depot  
  47  4:45  Marine  
  50  4:48  SCV  
Tags
 
Matchup
TvT
Opening
1/1/11/1/1
Race
Terran
Add a new tag
Caveats
  • Supply blocks, unpowered buildings, or Contaminate may cause inaccurate times.
  • Supply counts are checked every 10 seconds.